AoeStats
← oson0212

Arabia

503388000Analyzed
1v1 RM · 1mo ago on Aug 31, 2026· 42m 42s· 2 players
Game mode
Random Map
Map size
Tiny (2 player)
Population
200
Speed
Normal
Resources
Standard
Victory
Conquest
Starting age
Dark Age
Ending age
Imperial Age
RankedLock teamsTeams togetherTeam positionsShared explorationLock speedFull tech treeHidden civsTurbo modeCheats
Victory
Defeat
🇭🇰 Goths · Hong Kong SAR China
889
+16
🇬🇧 Magyars · United Kingdom
880
-16
MajesticOnion
8:48 Loom
11:28 Feudal Age
12:30 Horse Collar
17:48 Scale Barding Armor
19:03 Bloodlines
19:27 Double-Bit Axe
24:14 Castle Age
26:07 Light Cavalry
26:47 Husbandry
27:10 Chain Barding Armor
28:49 Bow Saw
29:18 Gold Mining
31:53 Crossbowman
35:24 Fletching
40:27 Imperial Age
39:12 Bodkin Arrow
41:01 Padded Archer Armor
41:53 Thumb Ring
41:10 Arbalester
41:18 Arbalester
42:31 Bracer
oson0212
5:01 Loom
11:39 Feudal Age
12:09 Double-Bit Axe
12:05 Horse Collar
19:23 Castle Age
21:16 Squires
21:33 Bow Saw
22:23 Pikeman
27:19 Scale Mail Armor
27:29 Forging
28:46 Wheelbarrow
28:32 Stone Mining
29:26 Chain Mail Armor
29:46 Iron Casting
30:29 Hand Cart
30:39 Man-at-Arms
31:26 Gold Mining
32:11 Stone Shaft Mining
31:54 Town Watch
33:24 Anarchy
34:38 Heavy Plow
36:47 Man-at-Arms
44:16 Imperial Age
Connection lost

Rejoining the realm…

Still unreachable

The connection could not be restored.

Session expired

The server has moved on; the page needs a fresh start.